TOP OF THE 1ST |
Las Vegas 51s batting - Pitching for Gwinnett Braves : RHP Jeff Olech
|
Pitching: RHP Jeff Olech
|
|
Batting: SHB Jason Larson
|
0-0: Called Strike 0-1: Ball 1-1: Ball 2-1: Fly out, F8 (Flyball, 8LXD, EV 88.1 MPH)
|
Batting: RHB Ken Fitzpatrick
|
0-0: Called Strike 0-1: Ball 1-1: Foul Ball, location: 2F 1-2: Ball 2-2: Ball 3-2: Strikes out swinging
|
Batting: RHB Josh Jones
|
0-0: Fly out, F9 (Flyball, 89S, EV 90.6 MPH)
|
Top of the 1st over - 0 runs, 0 hits, 0 errors, 0 left on base; Las Vegas 0 - Gwinnett 0 |
BOTTOM OF THE 1ST |
Gwinnett Braves batting - Pitching for Las Vegas 51s : RHP David Anzaldua
|
Pitching: RHP David Anzaldua
|
|
Batting: LHB Chris Locklear
|
0-0: Called Strike 0-1: Ball 1-1: Ground out 5-3 (Groundball, 5, EV 88.1 MPH)
|
Batting: RHB Edgar Castillo
|
0-0: Ball 1-0: Ball 2-0: Called Strike 2-1: SINGLE (Groundball, 56D, EV 98.8 MPH)
|
Batting: LHB David Bramble
|
0-0: Foul Ball, location: 2F 0-1: Ball 1-1: Called Strike 1-2: Foul Ball, location: 2F 1-2: Ball 2-2: DOUBLE (Line Drive, 3D, EV 96.2 MPH) Edgar Castillo to third
|
Batting: SHB Brian Bagley
|
0-0: Ball 1-0: Ground out 1-3 (Groundball, 25, EV 69.4 MPH)
|
Batting: RHB John Peterson
|
0-0: Swinging Strike 0-1: SINGLE (Groundball, 4MD, EV 100.6 MPH) Edgar Castillo scores David Bramble to third
|
Batting: RHB Alex Munoz
|
0-0: Ball 1-0: Swinging Strike 1-1: Called Strike 1-2: Ball 2-2: Ball 3-2: Fly out, F8 (Flyball, 8LM, EV 90.6 MPH)
|
Bottom of the 1st over - 1 run, 3 hits, 0 errors, 2 left on base; Las Vegas 0 - Gwinnett 1 |
TOP OF THE 2ND |
Las Vegas 51s batting - Pitching for Gwinnett Braves : RHP Jeff Olech
|
Batting: SHB Harrison Feist
|
0-0: Fly out, F8 (Flyball, 8RD, EV 98.1 MPH)
|
Batting: LHB Bill Armijo
|
0-0: Foul Ball, location: 2F 0-1: Ball 1-1: Swinging Strike 1-2: Foul Ball, location: 2F 1-2: Strikes out swinging
|
Batting: SHB Nelson Powell
|
0-0: Called Strike 0-1: Swinging Strike 0-2: Strikes out swinging
|
Top of the 2nd over - 0 runs, 0 hits, 0 errors, 0 left on base; Las Vegas 0 - Gwinnett 1 |
BOTTOM OF THE 2ND |
Gwinnett Braves batting - Pitching for Las Vegas 51s : RHP David Anzaldua
|
Batting: RHB Mike Meeker
|
0-0: Called Strike 0-1: Foul Ball, location: 2F 0-2: Ground out U3 (Groundball, 34, EV 98.8 MPH)
|
Batting: RHB Dave Nickerson
|
0-0: Called Strike 0-1: Ball 1-1: Foul Ball, location: 2F 1-2: Strikes out looking
|
Batting: RHB Mike Manchester
|
0-0: Called Strike 0-1: Foul Ball, location: 2F 0-2: Foul Ball, location: 2F 0-2: Hit by Pitch
|
Batting: LHB Chris Locklear
|
0-0: Ball Mike Manchester steals 2nd base 1-0: Ball 2-0: Ball 3-0: Base on Balls
|
Batting: RHB Edgar Castillo
|
0-0: Ball 1-0: SINGLE (Groundball, 6S, EV 98.1 MPH) Mike Manchester to third Chris Locklear to second Runner from 3rd tries for Home, SAFE, throw by CF to home
|
Now at SS: Alex Vasquez
|
|
Now in CF: Jason Larson
|
|
Batting: LHB David Bramble
|
0-0: Called Strike 0-1: Ball 1-1: Foul Ball, location: 2F 1-2: Strikes out swinging
|
Bottom of the 2nd over - 1 run, 1 hit, 0 errors, 2 left on base; Las Vegas 0 - Gwinnett 2 |
TOP OF THE 3RD |
Las Vegas 51s batting - Pitching for Gwinnett Braves : RHP Jeff Olech
|
Batting: RHB Alex Vasquez
|
0-0: Ball 1-0: Foul Ball, location: 2F 1-1: Fly out, F6 (Line Drive, 6, EV 74.4 MPH)
|
Batting: LHB Jose Chavez
|
0-0: Swinging Strike 0-1: Foul Ball, location: 2F 0-2: Ball 1-2: Strikes out looking
|
Batting: RHB Roger Renteria
|
0-0: Called Strike 0-1: Foul Ball, location: 2F 0-2: Foul Ball, location: 2F 0-2: Ball 1-2: Ball 2-2: Strikes out looking
|
Top of the 3rd over - 0 runs, 0 hits, 0 errors, 0 left on base; Las Vegas 0 - Gwinnett 2 |
BOTTOM OF THE 3RD |
Gwinnett Braves batting - Pitching for Las Vegas 51s : RHP David Anzaldua
|
Batting: SHB Brian Bagley
|
0-0: Ball 1-0: Ball 2-0: Ball 3-0: Base on Balls
|
Batting: RHB John Peterson
|
0-0: Ball 1-0: Called Strike 1-1: SINGLE (Groundball, 56S, EV 70.0 MPH) (infield hit) Brian Bagley to second
|
Batting: RHB Alex Munoz
|
0-0: Called Strike 0-1: Ball 1-1: Swinging Strike 1-2: Fly out, F8 (Flyball, 78M, EV 88.1 MPH)
|
Batting: RHB Mike Meeker
|
0-0: Called Strike 0-1: Fly out, F7 (Flyball, 7, EV 76.2 MPH)
|
Batting: RHB Dave Nickerson
|
0-0: Called Strike 0-1: Foul Ball, location: 2F 0-2: Ball 1-2: Foul Ball, location: 2F 1-2: Fly out, F7 (Line Drive, 7S, EV 89.4 MPH)
|
Bottom of the 3rd over - 0 runs, 1 hit, 0 errors, 2 left on base; Las Vegas 0 - Gwinnett 2 |
TOP OF THE 4TH |
Las Vegas 51s batting - Pitching for Gwinnett Braves : RHP Jeff Olech
|
Batting: SHB Jason Larson
|
0-0: Ball 1-0: Swinging Strike 1-1: Foul Ball, location: 2F 1-2: Strikes out swinging
|
Batting: RHB Ken Fitzpatrick
|
0-0: Ball 1-0: Ball 2-0: Ball 3-0: Called Strike 3-1: Hit by Pitch
|
Batting: RHB Josh Jones
|
0-0: Ball 1-0: Ball 2-0: Swinging Strike 2-1: Fielders Choice at 2nd, 4-6 (Groundball, 4, EV 110.0 MPH)
|
Batting: SHB Harrison Feist
|
0-0: Called Strike 0-1: Ball 1-1: Ball 2-1: Fly out, F2 (Popup, 25F, EV 84.4 MPH)
|
Top of the 4th over - 0 runs, 0 hits, 0 errors, 1 left on base; Las Vegas 0 - Gwinnett 2 |
BOTTOM OF THE 4TH |
Gwinnett Braves batting - Pitching for Las Vegas 51s : RHP David Anzaldua
|
Batting: RHB Mike Manchester
|
0-0: Ball 1-0: Ball 2-0: Ground out 6-3 (Groundball, 6, EV 89.4 MPH)
|
Batting: LHB Chris Locklear
|
0-0: Called Strike 0-1: Called Strike 0-2: Ball 1-2: TRIPLE (Line Drive, 9D, EV 109.4 MPH)
|
Batting: RHB Edgar Castillo
|
0-0: Ball 1-0: Called Strike 1-1: Foul Ball, location: 2F 1-2: Fly out, F8 (Flyball, 8RXD, EV 91.9 MPH) Runner from 3rd tags up, SCORES, no throw by CF
|
Batting: LHB David Bramble
|
0-0: Foul Ball, location: 2F 0-1: Ball 1-1: SINGLE (Line Drive, 4MD, EV 96.9 MPH)
|
Batting: SHB Brian Bagley
|
0-0: Ground out 4-3 (Groundball, 34D, EV 105.0 MPH)
|
Bottom of the 4th over - 1 run, 2 hits, 0 errors, 1 left on base; Las Vegas 0 - Gwinnett 3 |
TOP OF THE 5TH |
Las Vegas 51s batting - Pitching for Gwinnett Braves : RHP Jeff Olech
|
Batting: LHB Bill Armijo
|
0-0: Ball 1-0: Ball 2-0: Called Strike 2-1: Ball 3-1: Base on Balls
|
Batting: SHB Nelson Powell
|
0-0: Ball 1-0: Ball 2-0: Foul Ball, location: 2F 2-1: Foul Ball, location: 2F 2-2: Fly out, F9 (Flyball, 9S, EV 73.8 MPH)
|
Batting: RHB Alex Vasquez
|
0-0: Called Strike 0-1: Ball 1-1: Ball 2-1: Called Strike 2-2: Foul Ball, location: 2F 2-2: Ball 3-2: Strikes out swinging
|
Batting: LHB Jose Chavez
|
0-0: Foul Ball, location: 2F 0-1: Ball 1-1: Ball 2-1: Ball 3-1: Called Strike 3-2: Foul Ball, location: 2F 3-2: Base on Balls Bill Armijo to second
|
Batting: RHB Roger Renteria
|
0-0: Ball 1-0: Ground out 1-3 (Groundball, 13S, EV 69.4 MPH)
|
Top of the 5th over - 0 runs, 0 hits, 0 errors, 2 left on base; Las Vegas 0 - Gwinnett 3 |
BOTTOM OF THE 5TH |
Gwinnett Braves batting - Pitching for Las Vegas 51s : RHP David Anzaldua
|
Batting: RHB John Peterson
|
0-0: Called Strike 0-1: Foul Ball, location: 2F 0-2: Foul Ball, location: 2F 0-2: Hit by Pitch
|
Batting: RHB Alex Munoz
|
0-0: Called Strike 0-1: Called Strike 0-2: SINGLE (Groundball, 34S, EV 90.6 MPH) (infield hit) John Peterson to second
|
Batting: RHB Mike Meeker
|
0-0: Foul Ball, location: 2F 0-1: Called Strike 0-2: Ball 1-2: Foul Ball, location: 2F 1-2: Foul Ball, location: 2F 1-2: Strikes out looking
|
Batting: RHB Dave Nickerson
|
0-0: Called Strike 0-1: Called Strike 0-2: Ball 1-2: Ball 2-2: SINGLE (Line Drive, 5D, EV 93.8 MPH) John Peterson to third Alex Munoz to second Runner from 3rd tries for Home, SAFE, throw by LF to home
|
Batting: RHB Mike Manchester
|
0-0: Ball 1-0: Called Strike Alex Munoz steals 3rd base Dave Nickerson to second 1-1: Ball 2-1: Swinging Strike 2-2: Ball 3-2: Strikes out swinging
|
Pitching: RHP Shan-tang Chi
|
|
Batting: LHB Chris Locklear
|
0-0: Ball 1-0: Swinging Strike 1-1: Foul Ball, location: 2F 1-2: Strikes out swinging
|
Bottom of the 5th over - 1 run, 2 hits, 0 errors, 2 left on base; Las Vegas 0 - Gwinnett 4 |
TOP OF THE 6TH |
Las Vegas 51s batting - Pitching for Gwinnett Braves : RHP Jeff Olech
|
Batting: SHB Jason Larson
|
0-0: Called Strike 0-1: Ball 1-1: Swinging Strike 1-2: Foul Ball, location: 2F 1-2: Foul Ball, location: 2F 1-2: Foul Ball, location: 2F 1-2: Ball 2-2: SINGLE (Line Drive, 89M, EV 98.1 MPH)
|
Batting: RHB Ken Fitzpatrick
|
0-0: Called Strike 0-1: Swinging Strike 0-2: Ball 1-2: Strikes out looking
|
Batting: RHB Josh Jones
|
0-0: Ball 1-0: Fly out, F8 (Flyball, 8RM, EV 80.0 MPH)
|
Batting: SHB Harrison Feist
|
0-0: Ball 1-0: Ball 2-0: Called Strike 2-1: Fly out, F8 (Flyball, 8RXD, EV 103.1 MPH)
|
Top of the 6th over - 0 runs, 1 hit, 0 errors, 1 left on base; Las Vegas 0 - Gwinnett 4 |
BOTTOM OF THE 6TH |
Gwinnett Braves batting - Pitching for Las Vegas 51s : RHP Shan-tang Chi
|
Batting: RHB Edgar Castillo
|
0-0: Ground out 5-3 (Groundball, 5L, EV 81.9 MPH)
|
Batting: LHB David Bramble
|
0-0: Swinging Strike 0-1: Foul Ball, location: 2F 0-2: Strikes out swinging
|
Batting: SHB Brian Bagley
|
0-0: Ball 1-0: Ground out 5-3 (Groundball, 56, EV 106.2 MPH)
|
Bottom of the 6th over - 0 runs, 0 hits, 0 errors, 0 left on base; Las Vegas 0 - Gwinnett 4 |
TOP OF THE 7TH |
Las Vegas 51s batting - Pitching for Gwinnett Braves : RHP Jeff Olech
|
Batting: LHB Bill Armijo
|
0-0: Ball 1-0: Ball 2-0: DOUBLE (Line Drive, 7LS, EV 96.2 MPH)
|
Batting: SHB Nelson Powell
|
0-0: Ball 1-0: Swinging Strike 1-1: Foul Ball, location: 2F 1-2: Foul Ball, location: 2F 1-2: Foul Ball, location: 2F 1-2: Ball 2-2: Strikes out swinging
|
Batting: RHB Alex Vasquez
|
0-0: Foul Ball, location: 2F 0-1: Fly out, F9 (Line Drive, 89D, EV 92.5 MPH)
|
Now in RF: Fred Arends
|
|
Batting: LHB Jose Chavez
|
0-0: Foul Ball, location: 2F 0-1: Called Strike 0-2: Fly out, F8 (Flyball, 8LD, EV 98.8 MPH)
|
Top of the 7th over - 0 runs, 1 hit, 0 errors, 1 left on base; Las Vegas 0 - Gwinnett 4 |
BOTTOM OF THE 7TH |
Gwinnett Braves batting - Pitching for Las Vegas 51s : RHP Shan-tang Chi
|
Batting: RHB John Peterson
|
0-0: Foul Ball, location: 2F 0-1: Fly out, F7 (Flyball, 7S, EV 89.4 MPH)
|
Batting: RHB Alex Munoz
|
0-0: Ball 1-0: Foul Ball, location: 2F 1-1: Ground out 6-3 (Groundball, 6M, EV 101.9 MPH)
|
Batting: RHB Mike Meeker
|
0-0: Called Strike 0-1: Ball 1-1: Ball 2-1: Foul Ball, location: 2F 2-2: Foul Ball, location: 2F 2-2: Ground out 4-3 (Groundball, 4M, EV 111.2 MPH)
|
Bottom of the 7th over - 0 runs, 0 hits, 0 errors, 0 left on base; Las Vegas 0 - Gwinnett 4 |
TOP OF THE 8TH |
Las Vegas 51s batting - Pitching for Gwinnett Braves : RHP Jeff Olech
|
Batting: RHB Roger Renteria
|
0-0: Ball 1-0: Ball 2-0: Foul Ball, location: 2F 2-1: Foul Ball, location: 2F 2-2: Foul Ball, location: 2F 2-2: Strikes out swinging
|
Pitching: RHP Larry Stegall
|
|
Batting: SHB Jason Larson
|
0-0: Foul Ball, location: 2F 0-1: Called Strike 0-2: Ball 1-2: Ball 2-2: Ball 3-2: Strikes out swinging
|
Batting: RHB Ken Fitzpatrick
|
0-0: Ball 1-0: Called Strike 1-1: Ball 2-1: SOLO HOME RUN (Flyball, 78XD, EV 99.4 MPH), Distance : 399 ft
|
Batting: RHB Josh Jones
|
0-0: Called Strike 0-1: Ball 1-1: Ground out 5-3 (Groundball, 56, EV 83.1 MPH)
|
Top of the 8th over - 1 run, 1 hit, 0 errors, 0 left on base; Las Vegas 1 - Gwinnett 4 |
BOTTOM OF THE 8TH |
Gwinnett Braves batting - Pitching for Las Vegas 51s : RHP Shan-tang Chi
|
Batting: RHB Dave Nickerson
|
0-0: Swinging Strike 0-1: Swinging Strike 0-2: Strikes out swinging
|
Batting: RHB Mike Manchester
|
0-0: Called Strike 0-1: Foul Ball, location: 2F 0-2: Ball 1-2: Strikes out swinging
|
Batting: LHB Chris Locklear
|
0-0: Called Strike 0-1: Ball 1-1: Ball 2-1: Ground out 1-3 (Groundball, P, EV 66.2 MPH)
|
Bottom of the 8th over - 0 runs, 0 hits, 0 errors, 0 left on base; Las Vegas 1 - Gwinnett 4 |
TOP OF THE 9TH |
Las Vegas 51s batting - Pitching for Gwinnett Braves : RHP Larry Stegall
|
Pitching: RHP Adam Reynolds
|
|
Batting: SHB Harrison Feist
|
0-0: Ball 1-0: Ball 2-0: Fly out, F4 (Popup, 34, EV 69.4 MPH)
|
Batting: LHB Bill Armijo
|
0-0: Foul Ball, location: 2F 0-1: Fly out, F8 (Flyball, 8LM, EV 85.6 MPH)
|
Batting: SHB Nelson Powell
|
0-0: Ball 1-0: Ball 2-0: Called Strike 2-1: Swinging Strike 2-2: Strikes out swinging
|
Top of the 9th over - 0 runs, 0 hits, 0 errors, 0 left on base; Las Vegas 1 - Gwinnett 4 |
|